cohdb
Replays
Latest Replays
All Replays
Popular Replays
Top Player Replays
Match Explorer
How It Works
Community
CoH3 Stats
Reddit
Sign in to upload your games and track your stats! →
Sign in with Steam
Match 46345119
Unlisted
Match 46345119
Overview
Messages
Build Orders
End
Royal Engineer Section
Construct Section Command Post
Infantry Section
Dingo Light Scout Car
Infantry Section
Construct Platoon Command Post
Humber Armored Car
Selects Canadian Shock Battlegroup
Selects Attacking Spirit
6-pounder Anti-tank Gun Team
Ra11
aSIIDemolitionHammer
Marin
Ashur
0
0
Comments
sign in to comment!
No comments posted yet!